 Dungeon Crawl Stone Soup version 0.28.0-1-gb440e238dd (webtiles) character file.

Game seed: 14519591294137967877

965 egresovca the Chopper (level 7, 0/66 HPs)
             Began as a Deep Dwarf Berserker on Feb 20, 2022.
             Was a Believer of Trog.
             Slain by a phantom (6 damage)
             ... on level 6 of the Dungeon.
             The game lasted 00:04:08 (2118 turns).

egresovca the Chopper (Deep Dwarf Berserker)        Turns: 2118, Time: 00:04:09

Health: 0/66       AC:  8    Str: 22    XL:     7   Next: 93%
Magic:  7/7        EV: 15    Int:  8    God:    Trog [**....]
Gold:   80         SH:  5    Dex: 12    Spells: 6/6 levels left

rFire   . . .      SeeInvis .   a - +0 hand axe
rCold   . . .      Faith    .   (no shield)
rNeg    . . .      Spirit   .   j - +0 scale mail
rPois   .          Reflect  +   (no helmet)
rElec   .          Harm     .   (no cloak)
rCorr   .          Rampage  .   d - +0 pair of gloves
Will    +....                   (no boots)
Stlth   ..........              m - amulet of reflection
HPRegen 0.00/turn               p - +4 ring of evasion
MPRegen 0.10/turn               (no ring)

@: on berserk cooldown, slowed, very slow
A: damage resistance, heal wounds, sense surroundings 1, no regeneration
a: Heal Wounds, Renounce Religion, Berserk, Trog's Hand


You were on level 6 of the Dungeon.
You worshipped Trog.
Trog was pleased with you.
You visited 1 branch of the dungeon, and saw 6 of its levels.

You collected 80 gold pieces.

Inventory:

Hand Weapons
 a - a +0 hand axe (weapon)
Armour
 d - a +0 pair of gloves (worn)
 j - a +0 scale mail (worn)
 t - a +2 leather armour of fire resistance
Jewellery
 m - an amulet of reflection (around neck)
 o - a ring of fire
 p - a +4 ring of evasion (left hand)
Wands
 b - a wand of mindburst (19)
 s - a wand of charming (4)
Scrolls
 e - a scroll of noise {unknown}
 f - 3 scrolls of identify {unknown}
 h - a scroll of fog {unknown}
 l - 2 scrolls of enchant armour {unknown}
 q - a scroll of enchant weapon {unknown}
 r - a scroll of immolation {unknown}
Potions
 c - a potion of curing {unknown}
 g - 2 potions of brilliance {unknown}
 i - a potion of degeneration {unknown}
 k - a potion of haste {unknown}
 n - a potion of mutation {unknown}


   Skills:
 + Level 4.6 Fighting
 * Level 7.1 Axes
 + Level 4.9 Armour
 + Level 4.8 Dodging


You had 6 spell levels left.
You didn't know any spells.
Your spell library contained the following spells:

 Spells                   Type           Power      Damage    Failure   Level
 Summon Lightning Spire   Summ/Air       0%         N/A       100%        4
 Storm Form               Tmut/Air       0%         N/A       100%        7
 Maxwell's Capacitive Co  Air            0%         ∞         100%        8


Dungeon Overview and Level Annotations

Branches:
Dungeon (7/15)
 Temple: D:4-7

Altars:


Innate Abilities, Weirdness & Mutations

You are resistant to damage.
You can heal yourself by infusing magical energy.
You passively map a small area around you.
You do not regenerate.


Message History

The phantom blinks!
You blink.
The phantom closely misses you.
You barely miss the phantom. The phantom hits you.
The phantom blinks!
You blink.
You hit the phantom. The phantom completely misses you. The phantom misses you.
There is a stone staircase leading up here.
The phantom hits you!
* * * LOW HITPOINT WARNING * * *
You climb upwards.
There is a stone staircase leading down here.
You barely miss the phantom.
The phantom is lightly damaged.
The phantom hits you but does no damage.
The phantom completely misses you.
You barely miss the phantom.
The phantom is lightly damaged.
You block the phantom's attack.
You closely miss the phantom.
The phantom is lightly damaged.
The phantom closely misses you. You block the phantom's attack.
You hit the phantom.
The phantom is moderately damaged.
You block the phantom's attack.
You hit the phantom.
The phantom is moderately damaged.
The phantom hits you but does no damage.
The phantom closely misses you.
You hit the phantom.
The phantom is heavily damaged.
The phantom misses you.
You hit the phantom but do no damage.
The phantom is heavily damaged.
You block the phantom's attack. The phantom barely misses you.
You hit the phantom but do no damage.
The phantom is heavily damaged.
The phantom hits you but does no damage.
You slash the phantom!
The phantom is severely damaged.
The phantom misses you. The phantom hits you!
You die...

, , * , , *
* ,* ,,, , ,
, * * *
###########
, ,
#.W@.......
,
#..........
#..........
,
#..........
#..........
#..........
,
#..........
#..........*
,,,


You could see a phantom.

Vanquished Creatures
  Joseph (D:7)
  Grinder (D:3)
  The ghost of BobtheApe the Bolt Thrower, an amateur GnWn (D:3)
  A centaur (D:7)
  A bullfrog (D:7)
  An iguana (D:4)
  An orc wizard (D:7)
  4 adders
  An ufetubus (D:3)
  2 dart slugs (D:3)
  2 adder simulacra (D:3)
  4 orcs
  8 endoplasms
  3 giant cockroaches
  7 goblins
  3 hobgoblins (D:1)
  8 kobolds
  5 quokkas
  5 ball pythons
  3 ball python simulacra (D:3)
  7 bats
  4 rats
73 creatures vanquished.

Vanquished Creatures (others)
  A plant (D:1)
1 creature vanquished.

Grand Total: 74 creatures vanquished

Notes
Turn   | Place    | Note
-------+----------+-------------------------------------------
     0 | D:1      | egresovca the Deep Dwarf Berserker began the quest for the
                  | Orb.
     0 | D:1      | Reached XP level 1. HP: 20/20 MP: 1/1
   107 | D:1      | Reached XP level 2. HP: 18/27 MP: 2/2
   702 | D:2      | Reached XP level 3. HP: 14/34 MP: 3/3
   743 | D:2      | Reached ** piety under Trog
   922 | D:2      | Reached skill level 4 in Axes
  1240 | D:2      | Reached XP level 4. HP: 39/42 MP: 4/4
  1391 | D:3      | Found a runed translucent gate.
  1427 | D:3      | Found a runed translucent gate.
  1428 | D:3      | Found a runed translucent gate.
  1545 | D:3      | Noticed Grinder
  1566 | D:3      | Killed Grinder
  1567 | D:3      | Reached skill level 5 in Axes
  1567 | D:3      | Reached XP level 5. HP: 18/50 MP: 5/5
  1567 | D:3      | Reached XP level 6. HP: 20/57 MP: 6/6
  1580 | D:3      | Noticed BobtheApe's ghost (amateur GnWn)
  1774 | D:3      | Killed BobtheApe's ghost
  1926 | D:4      | You fall into a shaft and drop 3 floors!
  1936 | D:7      | Reached skill level 6 in Axes
  1936 | D:7      | Reached XP level 7. HP: 26/64 MP: 7/7
  2070 | D:7      | Noticed Joseph
  2084 | D:7      | Killed Joseph
  2085 | D:7      | Reached skill level 7 in Axes
  2118 | D:6      | Slain by a phantom

Illustrated notes

Levels and vault maps discovered:
D:1:      tarquinn_simple_flora_water_c, layout_basic, minmay_shallow_snake_nest
D:2:      layout_rooms
D:3:      layout_basic, gammafunk_ghost_icy, uniq_grinder
D:4:      layout_basic, nicolae_overflow_crystal_walls,
          nemelex_xobeh_ov_fountains_minmay, gup_sewer_entry_bowl,
          minmay_misc_feat_diagonals, minmay_misc_feat_square
D:6:      layout_rooms, uniq_maggie, uniq_edmund
D:7:      layout_loops_cross, lemuel_mausoleum_altar_yredelemnul,
          lemuel_round_altar, minmay_temple_entry_fiery,
          small_statue_intersection, hangedman_decor_growths, grunt_livestock,
          uniq_joseph

Skill      XL: |  1  2  3  4  5  6  7 |
---------------+----------------------+-----
Fighting       | 3 4 |  4.6
Axes           | 4 5 6 7 |  7.1
Armour         | 3 4 |  4.9
Dodging        | 3 4 |  4.8

Action                   |  1- 3 |  4- 6 |  7- 9 || total
-------------------------+-------+-------+-------++-------
Melee: Hand axe          |   136 |    91 |    46 ||   273
Invok: Berserk           |     3 |     4 |     2 ||     9
       Trog's Hand       |     2 |     1 |     1 ||     4
 Stab: Sleeping          |     1 |       |       ||     1
Armor: Animal skin       |    22 |       |       ||    22
       Scale mail        |    38 |    47 |    17 ||   102
Dodge: Dodged            |    97 |    57 |    44 ||   198
Block: Other             |       |    13 |    16 ||    29
       Reflection        |       |       |     1 ||     1
